 Dungeon Crawl Stone Soup version 0.30.2 (webtiles) character file.

Game seed: 8053708324059876776

118 porpoise the Sneak (level 4, -3/30 HPs)
             Began as a Demonspawn Enchanter on Feb 19, 2024.
             Slain by Sigmund
             ... wielding a +0 scythe
              (10 damage)
             ... on level 3 of the Dungeon.
             The game lasted 00:07:31 (2240 turns).

porpoise the Sneak (Demonspawn Enchanter)           Turns: 2240, Time: 00:07:32

Health: -3/30      AC:  2    Str:  8    XL:     4   Next: 72%
Magic:  7/7        EV: 12    Int: 18    God:
Gold:   127        SH:  0    Dex: 14    Spells: 2/7 levels left

rFire   . . .        a - +1 dagger
rCold   . . .        (no shield)
rNeg    . . .        j - +0 robe
rPois   .            (helmet restricted)
rElec   .            (no cloak)
rCorr   .            (no gloves)
SInv    .            (no boots)
Will    .....        (no amulet)
Stlth   ++           k - ring of wizardry
HPRegen 0.25/turn    (no ring)
MPRegen 0.10/turn

%: wizardry (x1)
@: no status effects
A: horns 1, demonic guardian 1
a: no special abilities


You were on level 3 of the Dungeon.
You visited 1 branch of the dungeon, and saw 3 of its levels.

You collected 127 gold pieces.

Inventory:

Hand Weapons
 a - a +1 dagger (weapon)
 b - a +0 sling
Missiles
 f - 3 atropa-tipped darts
 o - 7 poisoned darts (quivered)
Armour
 h - an orb of light
 j - a +0 robe (worn)
Magical Staves
 s - a staff of death
Jewellery
 k - a ring of wizardry (left hand)
Scrolls
 d - 3 scrolls of identify {unknown}
 g - a scroll of vulnerability {unknown}
 i - 4 scrolls of teleportation {unknown}
 l - a scroll of poison {unknown}
 t - a scroll of amnesia {unknown}
Potions
 c - 2 potions of invisibility
 e - a potion of haste {unknown}
 m - a potion of attraction {unknown}
 n - 2 potions of flight {unknown}
 p - a potion of ambrosia {unknown}
 q - a potion of lignification {unknown}
 r - a potion of curing {unknown}


   Skills:
 + Level 2.2 Short Blades
 - Level 1.7 Dodging
 + Level 3.7 Stealth
 - Level 2.0 Spellcasting
 * Level 3.6 Hexes
 * Level 1.5 Ice Magic


You had 2 spell levels left.
You knew the following spells:

 Your Spells              Type           Power      Damage    Failure   Level
a - Confusing Touch       Hex            14%        N/A       4%          3
e - Ensorcelled Hibernat  Hex/Ice        22%        N/A       4%          2

Your spell library contained the following spells:

 Spells                   Type           Power      Damage    Failure   Level
 Tukima's Dance           Hex            14%        N/A       4%          3
 Dazzling Flash           Conj/Hex       16%        N/A       11%         3
 Portal Projectile        Hex/Tloc       16%        N/A       11%         3
 Vhi's Electric Charge    Tloc/Air       2%         N/A       21%         3
 Alistair's Intoxication  Tmut/Pois      0%         N/A       86%         5
 Arcjolt                  Conj/Air       0%         1d10      86%         5
 Blade Hands              Tmut           0%         N/A       86%         5
 Borgnjor's Vile Clutch   Necr/Erth      0%         N/A       86%         5
 Eringya's Noxious Bog    Tmut/Pois      0%         N/A       100%        6
 Maxwell's Capacitive Co  Air            0%         ∞         100%        8


Dungeon Overview and Level Annotations

Branches:
Dungeon (3/15)

Altars:
Cheibriados

Annotations:
D:3 Sigmund


Innate Abilities, Weirdness & Mutations

You have a pair of small horns on your head.
A weak demonic guardian rushes to your aid.


Message History

The goblin hits you with a +0 dagger.
You closely miss the goblin.
The goblin is severely wounded.
The goblin hits you with a +0 dagger.
* * * LOW HITPOINT WARNING * * *
You hit the goblin.
You kill the goblin!
The bat hits you but does no damage.
You hit the bat.
You kill the bat!
You start resting.
Magic restored.
You start resting.
HP restored.
Things that are here:
a +0 dagger; a goblin corpse
b - a +0 sling (weapon)
You shoot a sling bullet. The sling bullet hits the goblin.
The goblin is heavily wounded.
No target in view!
Found a scroll labelled NEACRI DULEIL.
Items here: )) ††.
You shoot a sling bullet. The sling bullet hits the goblin.
You kill the goblin!
No target in view!
Sigmund the Dreaded comes into view.
He is wielding a +0 scythe.
You shoot a sling bullet. The sling bullet hits Sigmund.
Sigmund shouts!
Sigmund is lightly wounded.
Sigmund points at you and mumbles some strange words.
The puff of flame hits you!
A demonic guardian appears!
a - a +1 dagger (weapon)
Sigmund mumbles some strange words.
Sigmund flickers and vanishes!
Something hits you!
* * * LOW HITPOINT WARNING * * *
You swap places.
Something hits you.
* * * LOW HITPOINT WARNING * * *
You hit something. Your headbutt misses something. Something hits you!
You die...

#.###......>. #.#
#.# #.#####.. #.#
#.# #.# ### #.#
#.###.# #.#
#...).# #.#
#.###.####### #.#
#.# #........ #.#
#.# #.#.#####
#@####.###.#.#####
#5................
######.###.#......
#........>...#####
#.###............#
#..........#.###.#
#.###..###..#)...#
###...#..#)##..#
#.§§............


You could see a friendly white imp (summoned).

Vanquished Creatures
  Terence (D:2)
  An adder (D:2)
  A worm (D:3)
  8 dart slugs
  2 orcs (D:3)
  5 ball pythons
  3 endoplasms (D:1)
  4 hobgoblins (D:1)
  8 jackals
  5 quokkas
  8 bats
  2 frilled lizards
  2 goblins (D:3)
  2 kobolds
  7 rats
59 creatures vanquished.

Vanquished Creatures (collateral kills)
  A dart slug (D:3)
1 creature vanquished.

Grand Total: 60 creatures vanquished

Notes
Turn   | Place    | Note
-------+----------+-------------------------------------------
     0 | D:1      | porpoise the Demonspawn Enchanter began the quest for the
                  | Orb.
     0 | D:1      | Reached XP level 1. HP: 13/13 MP: 3/3
    15 | D:1      | Reached skill level 1 in Short Blades
   129 | D:1      | Gained mutation: You have a pair of small horns on your
                  | head. [demonic ancestry]
   129 | D:1      | Reached XP level 2. HP: 19/19 MP: 5/5
   673 | D:1      | Learned a level 2 spell: Ensorcelled Hibernation
   827 | D:1      | Reached XP level 3. HP: 22/24 MP: 6/6
  1103 | D:1      | Learned a level 3 spell: Confusing Touch
  1227 | D:2      | Noticed Terence
  1238 | D:2      | Killed Terence
  1337 | D:2      | Reached skill level 1 in Ice Magic
  1337 | D:2      | Gained mutation: A weak demonic guardian rushes to your
                  | aid. [demonic ancestry]
  1337 | D:2      | Reached XP level 4. HP: 16/30 MP: 2/7
  2095 | D:3      | Found a snail-covered altar of Cheibriados.
  2232 | D:3      | Noticed Sigmund
  2240 | D:3      | Slain by Sigmund

Illustrated notes

Levels and vault maps discovered:
D:1:      amcnicky_arrival_blooded_trapdoor, layout_basic,
          hangedman_abyss_or_decor_stabs
D:2:      layout_rooms, uniq_terence
D:3:      kennysheep_slugbush, layout_loops_ring,
          mainiacjoe_overflow_catwalk_spiral, uniq_sigmund

Skill      XL: |  1  2  3 |
---------------+----------+-----
Short Blades   | 1 2 |  2.2
Stealth        | 3 |  3.7
Ice Magic      | 1 |  1.5
Dodging        | |  1.7
Spellcasting   | |  2.0
Hexes          | |  3.6

Action                     |  1- 3 |  4- 6 || total
---------------------------+-------+-------++-------
  Melee: Dagger            |   116 |    25 ||   141
         Headbutt          |    14 |     3 ||    17
   Fire: Sling             |     5 |    94 ||    99
  Throw: Dart              |     4 |       ||     4
   Cast: Ensorcelled Hiber |     6 |     1 ||     7
         Confusing Touch   |       |     1 ||     1
   Stab: Sleeping          |     6 |     1 ||     7
 Armour: Robe              |    12 |    21 ||    33
  Dodge: Dodged            |    74 |    49 ||   123
